 Dungeon Crawl Stone Soup version 0.17-a0-1397-g0eee0a3 (webtiles) character file.

356972 kroki the Warrior (level 22, -4/136 HPs)
             Began as a Gargoyle Gladiator on June 16, 2015.
             Was the Champion of Ru.
             Splashed by the royal jelly's acid (5 damage)
             ... on level 6 of the Pits of Slime on June 17, 2015.
             The game lasted 02:05:17 (48561 turns).

kroki the Warrior (Gargoyle Gladiator)             Turns: 48561, Time: 02:05:17

Health: -4/136     AC: 12    Str: 21    XL:     22   Next: 35%
Magic:  27/27      EV: 26    Int: 16    God:    Ru [******]
Gold:   1786       SH:  8    Dex: 31    Spells: 4 memorised, 7 levels left

rFire  . . .     SeeInvis .     M - +8 eveningstar (vamp)
rCold  + . .     Clarity  .     Q - +4 plate armour "Piepnir" {Str+2 Slay+5 Stlth+}
rNeg   + . .     SustAt   .     V - +0 buckler {reflect}
rPois  ∞         Gourm    .     a - +2 hat {MR+}
rElec  +         Spirit   .     T - +0 cloak of Zatuago {rC+ Int+6}
rCorr  +         Warding  .     Z - +2 pair of gloves {Dex+3}
rMut   .         Stasis   .     p - +2 pair of boots {run}
MR     +++..                    w - amulet of resist corrosion
Stlth  ..........               N - ring of the Present {MR+ Int-2 Dex+6 Stlth-}
                                i - +4 ring of slaying

@: agile, exhausted, corroded equipment, no scrolls, flying, very slightly
contaminated, hasted, drained, very quick, extremely resistant to hostile
enchantments, extremely unstealthy
A: big wings, frail 1, negative energy resistance 1, electricity resistance,
unbreathing, petrification resistance, rot immunity, inability to read while
threatened, hated by all, vulnerability to harm 1, slow reflexes 1,
inexperienced 1, AC +16
a: Stop Flying, Draw Out Power, Power Leap, Apocalypse, Renounce Religion
}: 2/15 runes: decaying, gossamer


You were on level 6 of the Pits of Slime.
You worshipped Ru.
Ru was exalted by your worship.
You were not hungry.

You visited 8 branches of the dungeon, and saw 48 of its levels.
You visited the Abyss 1 time.
You also visited: Labyrinth, Sewer and Ice Cave.

You collected 5341 gold pieces.
You spent 3555 gold pieces at shops.

Inventory:

Hand weapons
 M - a +8 vampiric eveningstar (weapon)
   (You acquired it on level 3 of the Lair of Beasts)
Armour
 a - a +2 hat of magic resistance (worn)
   (You found it in an ice cave)
 p - a +2 pair of boots of running (worn)
   (You found it in an ice cave)
 Q - the +4 plate armour "Piepnir" (worn) {Str+2 Slay+5 Stlth+}
   (You found it on level 4 of the Lair of Beasts)

   It affects your strength (+2).
   It affects your accuracy and damage with ranged weapons and melee attacks
   (+5).
   It makes you more stealthy.
 T - the +0 cloak of Zatuago (worn) {rC+ Int+6}
   (You acquired it on level 1 of the Spider Nest)

   It affects your intelligence (+6).
   It protects you from cold.
 V - a +0 buckler of reflection (worn)
   (You took it off a deep elf knight on level 2 of the Elven Halls)
 Z - a +2 pair of gloves of dexterity (worn)
   (You acquired it on level 2 of the Elven Halls)
Jewellery
 i - a +4 ring of slaying (left hand)
   (You found it on level 1 of the Elven Halls)
 r - a +3 ring of slaying
   (You found it in a labyrinth)
 t - an uncursed amulet of clarity
   (You found it on level 1 of the Swamp)
 w - an amulet of resist corrosion (around neck)
   (You found it on level 5 of the Dungeon)
 x - an uncursed ring of protection from fire
   (You found it on level 15 of the Dungeon)
 F - an uncursed ring of see invisible
   (You found it on level 7 of the Dungeon)
 N - the ring of the Present (right hand) {MR+ Int-2 Dex+6 Stlth-}
   (You bought it in a shop on level 15 of the Dungeon)

   [ring of loudness]

   It affects your intelligence (-2).
   It affects your dexterity (+6).
   It affects your resistance to hostile enchantments.
   It makes you less stealthy.
 P - an uncursed amulet of regeneration
   (You found it on level 4 of the Swamp)
Magical devices
 c - a wand of heal wounds (1)
   (You took it off Frederick on level 3 of the Vaults)
 B - a wand of digging (17)
   (You found it on level 15 of the Dungeon)
 C - a wand of disintegration (20)
   (You found it on level 14 of the Dungeon)
 G - a wand of digging (15)
   (You found it on level 1 of the Elven Halls)
 I - a wand of paralysis (18)
   (You found it on level 3 of the Lair of Beasts)
 R - a wand of lightning (7)
   (You found it on level 2 of the Vaults)
 U - a wand of paralysis (11)
   (You found it on level 10 of the Dungeon)
 W - a wand of disintegration (2)
   (You found it on level 5 of the Lair of Beasts)
 X - a wand of digging (9)
   (You found it on level 4 of the Swamp)
Scrolls
 f - 6 scrolls of recharging
 k - 10 scrolls of teleportation
 o - a scroll of magic mapping
 s - 5 scrolls of blinking
 y - 8 scrolls of fear
 z - 2 scrolls of fog
 D - 15 scrolls of remove curse
 E - 6 scrolls of identify
 K - a scroll of holy word
 L - 6 scrolls of immolation
 O - 3 scrolls of silence
 S - 7 scrolls of enchant armour
Potions
 b - a potion of heal wounds
 g - 26 potions of curing
 j - a potion of invisibility
 n - 4 potions of magic
 q - 5 potions of haste
 u - 5 potions of brilliance
 v - 3 potions of agility
 A - 2 potions of cure mutation
 Y - 2 potions of cancellation
Comestibles
 e - 3 bread rations
 l - 43 fruits
 m - 13 meat rations
 H - 7 slices of pizza


   Skills:
 - Level 20.0(19.5) Fighting
   Level 7.3(11.7) Axes
 - Level 16.1(16.2) Maces & Flails
 - Level 2.0(1.6) Throwing
 + Level 17.9(17.4) Armour
 + Level 18.4(17.9) Dodging
 - Level 7.3(6.9) Shields
 - Level 7.0(6.6) Evocations


You had 7 spell levels left.
You knew the following spells:

 Your Spells              Type           Power        Failure   Level  Hunger
a - Aura of Abjuration    Summ           #.........   100%        5    ######.
b - Regeneration          Chrm/Necr      #.........   100%        3    ####...
c - Apportation           Tloc           #.........   99%         1    ##.....
d - Silence               Hex/Air        #.........   100%        5    ######.


Dungeon Overview and Level Annotations

Branches:
Dungeon (15/15)            Temple (0/1) D:6            Lair (8/8) D:8
  Swamp (4/4) Lair:5       Spider (4/4) Lair:5        Slime (6/6) Lair:8
    Orc (4/4) D:9             Elf (3/3) Orc:4        Vaults (4/5) D:14
  Crypt (0/3) Vaults:2     Depths (0/5) D:15

Altars:
Dithmenos
Elyvilon
Kikubaaqudgha
Okawaru
Qazlal
Ru
Sif Muna
Xom
Zin
The Shining One
Beogh
Jiyva

Shops:
D:7 (   D:15 *:[   Orc:3 =   Orc:4 ??%}   Elf:1 **   Vaults:1 (   Vaults:3 ((*(
Vaults:4 (

Annotations:
Slime:6 Royal Jelly


Innate Abilities, Weirdness & Mutations

You are resistant to torment.
Your stone body is resilient (AC +16).
You are immune to poison.
Your large and strong wings let you fly indefinitely.
You are frail (-10% HP).
You resist negative energy.
You are resistant to electric shocks.
You can survive without breathing.
You are immune to petrification.
You are immune to rotting.
You cannot read scrolls while threatened.
You are hated by all.
You take slightly more damage. (-3 AC)
You have somewhat slow reflexes. (-3 EV)
You are somewhat inexperienced (-2 XL).


Message History

The great orb of eyes misses you.
Unknown command.
Read which item? (? for menu, Esc to quit)
Okay, then.
Evoke which item? (* to show all) (? for menu, Esc to quit)
Zapping:
c - a wand of heal wounds (4)
Press: ? - help, Shift-Dir - straight line, f - you You feel much better.
This wand has 3 charges left.
The royal jelly hits you.
You are splashed with acid!
The acid corrodes you!
The acid burns!
You resist. The royal jelly hits you.
You are splashed with acid!
The acid burns!
You resist. The acid blob closely misses you.
Evoke which item? (* to show all) (? for menu, Esc to quit)
Zapping:
c - a wand of heal wounds (3)
Press: ? - help, Shift-Dir - straight line, f - you You feel much better.
This wand has 2 charges left.
The great orb of eyes completely misses you.
The royal jelly hits you but does no damage.
The royal jelly hits you!
You are splashed with acid!
The acid burns!
You resist. The acid blob spits acid at you. The splash of acid hits you!
The acid corrodes you!
The acid burns!
You resist.
Evoke which item? (* to show all) (? for menu, Esc to quit)
Zapping:
c - a wand of heal wounds (2)
Press: ? - help, Shift-Dir - straight line, f - you You feel much better.
This wand has 1 charge left.
The royal jelly completely misses you. The royal jelly closely misses you.
You impale the great orb of eyes!!
You feel better.
The great orb of eyes is moderately wounded.
The acid blob hits you!
You are splashed with acid!
The acid burns!
You resist.
The slime creature jiggles.
The great orb of eyes completely misses you.
Unknown command.
You hit the acid blob.
You feel better.
Your hands burn!
The acid blob is lightly wounded.
The royal jelly completely misses you. You block the royal jelly's attack.
The acid blob spits acid at you. The splash of acid misses you.
Unknown command.
Your plate armour "Piepnir" prevents you from hitting the acid blob.
The acid blob is lightly wounded.
The great orb of eyes completely misses you.
The royal jelly hits you!!
You are splashed with acid!
The acid corrodes you!
The acid burns!
You resist.
The royal jelly hits you but does no damage.
Unknown command.
You sock the acid blob!
You feel better.
Your hands burn!
The acid blob is lightly wounded.
You block the acid blob's attack.
Unknown command.
You puncture the acid blob!
You feel better.
Your hands burn!
The acid blob is moderately wounded.
The royal jelly misses you. You block the royal jelly's attack.
The great orb of eyes completely misses you.
You impale the acid blob!!
Your hands burn!
The acid blob is heavily wounded.
The acid blob hits you!!
* * * LOW HITPOINT WARNING * * *
You are splashed with acid!
The acid burns!
You resist.
* * * LOW HITPOINT WARNING * * *
You focus your will and illuminate the acid blob in retribution!
The royal jelly misses you. The royal jelly hits you!!
* * * LOW HITPOINT WARNING * * *
You are splashed with acid!
The acid burns!
You resist.
You die...

........................
........................
........................
........................
........................
............####.#####.
...........## #..#
..........## ##J#
.........## #@J#
........## #G##
........#


#JJ ....... ##G# ...... .# .. _. .## You could see the royal jelly, 2 acid
blobs, a great orb of eyes, a slime creature and an eye of devastation.

Vanquished Creatures
  Dissolution (Slime:3)
  Frederick (Vaults:3)
  Jory (Vaults:3)
  Arachne (Spider:3)
  A tentacled monstrosity (Abyss:2)
  Rupert (Lair:6)
  An Ice Fiend (IceCv)
  Asterion (Spider:3)
  3 deep elf blademasters (Elf:3)
  4 acid blobs
  4 deep elf master archers (Elf:3)
  The ghost of Duffy the Brawler, a mighty TrBe of Trog (Spider:1)
  4 tentacled starspawn
  4 thorn hunters
  A tengu reaver (Vaults:4)
  3 azure jellies
  The ghost of Yermak the Unseen, a mighty FoEn of Dithmenos (Swamp:4)
  A frost giant (Vaults:4)
  5 ghost moths
  2 fire giants (Vaults:4)
  5 deep elf sorcerers
  A curse skull (Vaults:2)
  11 emperor scorpions
  5 vault wardens
  6 ironheart preservers
  2 very ugly things
  2 deep elf demonologists (Elf:3)
  5 deep elf annihilators (Elf:3)
  7 stone giants
  Azrael (Spider:1)
  Snorg (Orc:3)
  An ettin (shapeshifter) (Vaults:1)
  5 vault guards
  3 fire dragons
  A minotaur (Lab)
  3 deep elf death magi
  3 great orbs of eyes
  3 yaktaur captains
  Josephine (Lair:4)
  2 ettins
  3 ice dragons
  2 deep elf high priests (Elf:3)
  17 hydras
  3 centaur warriors
  A catoblepas (Lair:8)
  A ghost crab (shapeshifter) (D:15)
  A ghost crab (Swamp:2)
  14 dancing weapons (Elf:2)
  A deep troll shaman (Lair:8)
  2 tengu warriors (D:14)
  2 salamander stormcallers
  5 thrashing horrors
  19 death yaks
  4 ogre magi
  3 orc high priests (Orc:4)
  A hell hog (Abyss:2)
  2 deep troll earth magi
  8 alligators
  4 ice devils (IceCv)
  Sonja (Lair:4)
  Nergalle (D:11)
  2 wretched stars
  4 skeletal warriors
  A wizard (Elf:1)
  20 deep elf knights
  3 shadow wraiths
  2 fire crabs
  A ball lightning (Swamp:4)
  6 deep elf summoners
  12 swamp dragons
  8 deep trolls
  2 giant orange brains
  7 ironbrand convokers
  An ice statue (IceCv)
  2 unseen horrors
  6 hill giants
  15 harpies
  2 shambling mangroves
  15 deep elf conjurers
  A wolf spider zombie (D:15)
  2 necromancers
  A shining eye (Slime:1)
  13 orc knights
  5 cyclopes
  3 orc sorcerers (Orc:4)
  5 manticores
  21 ugly things
  A salamander (shapeshifter) (Vaults:3)
  31 wolf spiders
  16 orb spiders
  3 griffons
  3 moths of wrath
  An oklob plant (Lair:8)
  6 vault sentinels
  2 centaur zombies
  5 hornets
  4 elephants
  6 black mambas
  A spiny frog (shapeshifter) (Vaults:3)
  A torpor snail (Spider:1)
  An apocalypse crab (Abyss:3)
  26 spiny frogs
  6 kobold demonologists
  3 gargoyles
  8 yaktaurs
  13 komodo dragons
  A fire drake (Lair:7)
  15 demonic crawlers
  10 deep elf priests
  An efreet (D:14)
  2 ancient zymes (Abyss:2)
  12 giant leeches
  11 freezing wraiths
  A queen bee (shapeshifter) (Vaults:2)
  6 anaconda simulacra (IceCv)
  21 blink frogs
  3 wolf spider simulacra (IceCv)
  A tengu conjurer (D:11)
  2 polar bears
  4 trolls
  Prince Ribbit (D:8)
  4 bog bodies
  4 boulder beetles
  55 slime creatures
  20 jumping spiders
  A frost giant simulacrum (Vaults:2)
  5 raiju (Abyss:2)
  4 two-headed ogres
  33 redbacks
  2 vampires
  3 wyverns
  9 spriggans
  27 deep elf magi
  A redback (shapeshifter) (Vaults:3)
  2 shadows
  43 yaks
  18 trapdoor spiders
  A flying skull (Vaults:2)
  2 dire elephant simulacra (IceCv)
  2 hogs (shapeshifter) (Vaults:3)
  A water elemental (Abyss:1)
  A blink frog (shapeshifter) (Vaults:4)
  A fire giant simulacrum (Vaults:2)
  3 basilisks
  21 tarantellas
  8 wraiths
  12 golden eyes
  8 large abominations
  A fire bat (shapeshifter) (Vaults:4)
  3 ynoxinuls
  4 fire elementals (Spider:1)
  2 harpy simulacra (IceCv)
  Grum (D:11)
  2 hippogriffs (shapeshifter)
  A human (shapeshifter) (Elf:1)
  A hungry ghost (D:15)
  10 hippogriffs
  A yak (shapeshifter) (Vaults:3)
  Menkaure (D:7)
  A death yak simulacrum (IceCv)
  4 mottled dragons
  3 neqoxecs (Abyss:2)
  13 vampire mosquitoes
  17 water moccasins
  29 deep elf fighters
  16 insubstantial wisps
  A naga (Spider:4)
  4 wargs
  5 ice beasts
  A hell hound (Spider:1)
  20 swamp worms
  14 porcupines
  A sky beast (D:7)
  30 wolves
  An iron troll simulacrum (IceCv)
  19 spiders
  2 black bears
  2 phantoms
  40 orc warriors
  13 wasps
  2 necrophages (D:8)
  2 hydra simulacra (IceCv)
  24 swamp drakes
  4 eyes of draining
  An elephant zombie (Lair:4)
  A centaur (shapeshifter) (Elf:3)
  An ettin simulacrum (IceCv)
  An ogre (shapeshifter) (Elf:3)
  27 ogres
  26 crocodiles
  26 giant frogs
  9 centaurs
  A komodo dragon zombie (Lair:4)
  8 big kobolds
  2 brain worms
  A wyvern zombie (D:14)
  A glowing shapeshifter simulacrum (Vaults:4)
  18 killer bees
  3 scorpions
  14 wights
  4 electric eels
  An elephant simulacrum (IceCv)
  6 small abominations
  10 crimson imps
  5 hounds
  2 draconian simulacra (IceCv)
  An iron imp (Abyss:3)
  7 starcursed masses
  3 giant frog zombies
  24 orc priests
  2 centaur skeletons
  Crazy Yiuf (D:2)
  11 human skeletons (Vaults:3)
  10 jellies
  2 quasits
  3 giant frog skeletons
  12 iguanas
  22 orc wizards
  A polar bear simulacrum (IceCv)
  11 worker ants
  3 spriggan simulacra (IceCv)
  18 sheep
  A killer bee zombie (D:6)
  3 troll simulacra (IceCv)
  2 crocodile zombies (Lair:4)
  2 centaur simulacra (IceCv)
  A hound skeleton (D:10)
  3 mummies
  3 gnolls (D:8)
  12 adders
  44 river rats
  2 naga simulacra (IceCv)
  6 ogre simulacra (IceCv)
  7 shadow imps
  6 white imps
  5 ufetubi
  2 oozes (D:2)
  5 worms
  169 orcs
  6 ball pythons
  23 bats
  2 bat skeletons
  3 giant cockroaches
  14 goblins
  18 hobgoblins
  4 quokkas
  A giant cockroach zombie (D:6)
  10 giant geckos
  2 giant gecko skeletons
  A giant gecko zombie (D:8)
  20 giant newts
  12 jackals
  38 kobolds
  2 quokka skeletons
  12 rats
  3 rat zombies (D:4)
  3 briar patches (Swamp:4)
  A bush (Lair:8)
  4 crawling corpses (Elf:3)
  2 plants
  A starspawn tentacle (Abyss:3)
1932 creatures vanquished.

Vanquished Creatures (others)
  A deep elf blademaster (Elf:3)
  A deep elf master archer (Elf:3)
  A thorn hunter (Swamp:2)
  The ghost of HEYYEYAAE the Zephyrmancer, a powerful HuAE of Vehumet (Swamp:4)
  Donald (Swamp:3)
  A deep elf sorcerer (Vaults:1)
  A deep elf annihilator (Elf:3)
  4 hydras
  A dancing weapon (Elf:2)
  A deep troll earth mage (Vaults:3)
  A death yak (Lair:7)
  An alligator (Swamp:1)
  A skeletal warrior (Vaults:2)
  4 ball lightnings (Swamp:4)
  A deep elf knight (Elf:1)
  An unseen horror (D:10)
  A shambling mangrove (Swamp:3)
  A wizard (Elf:1)
  A hill giant (Vaults:1)
  A harpy (Vaults:2)
  4 wolf spiders
  2 hornets
  5 yaktaurs
  A centaur skeleton (D:12)
  A demonic crawler (Spider:2)
  A two-headed ogre (Vaults:1)
  A giant leech (Swamp:4)
  A jumping spider (Spider:3)
  A wolf spider simulacrum (D:14)
  A troll (D:15)
  3 blink frogs
  2 trapdoor spiders (Spider:4)
  A tarantella (Spider:4)
  3 deep elf magi
  A spriggan (Swamp:3)
  A shadow (Swamp:2)
  A golden eye (Slime:2)
  A swamp worm (Swamp:3)
  A vampire mosquito (Swamp:2)
  2 insubstantial wisps
  A wasp (Swamp:3)
  A swamp drake (Swamp:1)
  A hydra simulacrum (IceCv)
  An orc warrior (Vaults:1)
  A porcupine (Lair:5)
  2 spiders (Spider:2)
  A boggart (Elf:1)
  A crocodile (Lair:5)
  2 jellies
  3 orc wizards
  3 white imps (IceCv)
  An ufetubus (IceCv)
  8 giant geckos (D:11)
  4 orcs
  A kobold (D:12)
  A lurking horror (Abyss:2)
  A crawling corpse (Elf:3)
  3 fungi
  6 plants
  7 starspawn tentacles
  A starspawn tentacle segment (Abyss:1)
110 creatures vanquished.

Grand Total: 2042 creatures vanquished

Notes
Turn   | Place    | Note
--------------------------------------------------------------
     0 | D:1      | kroki the Gargoyle Gladiator began the quest for the Orb.
     0 | D:1      | Reached XP level 1. HP: 12/12 MP: 1/1
   251 | D:1      | Reached XP level 2. HP: 17/17 MP: 2/2
   687 | D:1      | Found a shadowy altar of Dithmenos.
   893 | D:2      | Reached skill level 4 in Maces & Flails
   970 | D:2      | Found a glowing golden altar of the Shining One.
   984 | D:2      | Reached XP level 3. HP: 16/21 MP: 3/3
   993 | D:2      | Found a shadowy altar of Dithmenos.
  1204 | D:2      | Found a deep blue altar of Sif Muna.
  1218 | D:2      | Reached XP level 4. HP: 26/26 MP: 4/4
  1249 | D:2      | Noticed Crazy Yiuf
  1261 | D:2      | Killed Crazy Yiuf
  1261 | D:2      | Reached skill level 5 in Maces & Flails
  1473 | D:3      | Found a glowing silver altar of Zin.
  1483 | D:3      | Found a glowing drain.
  1623 | Sewer    | Entered a sewer
  1971 | Sewer    | Reached XP level 5. HP: 30/30 MP: 5/5
  2605 | D:3      | Found a sacrificial altar of Ru.
  2702 | D:3      | Became a worshipper of Ru the Awakened
  3099 | D:4      | Noticed an ogre
  3628 | D:4      | Reached skill level 6 in Maces & Flails
  3663 | D:4      | Reached XP level 6. HP: 28/35 MP: 6/6
  3821 | D:4      | Killed an ogre
  3838 | D:4      | Reached skill level 7 in Maces & Flails
  3852 | D:4      | Found an ancient bone altar of Kikubaaqudgha.
  3905 | D:4      | Noticed a phantom
  4012 | D:4      | Killed a phantom
  4218 | D:4      | Gained mutation: You cannot read scrolls while threatened. [Ru sacrifice]
  4218 | D:4      | Acquired Ru's first power
  4240 | D:5      | Entered Level 5 of the Dungeon
  4269 | D:5      | Reached XP level 7. HP: 30/40 MP: 7/7
  4368 | D:5      | Reached skill level 8 in Maces & Flails
  5260 | D:5      | Reached skill level 9 in Maces & Flails
  5379 | D:6      | Found a staircase to the Ecumenical Temple.
  5497 | D:6      | Reached XP level 8. HP: 37/44 MP: 8/8
  5791 | D:6      | Reached skill level 10 in Maces & Flails
  6244 | D:7      | Gained mutation: You are hated by all. [Ru sacrifice]
  6244 | D:7      | Acquired Ru's second power
  6480 | D:7      | Noticed Menkaure
  6485 | D:7      | Killed Menkaure
  6485 | D:7      | Reached skill level 11 in Maces & Flails
  6692 | D:7      | Found Oxuseukh's Antique Weapon Shoppe.
  6835 | D:7      | Reached XP level 9. HP: 32/48 MP: 9/9
  6898 | D:8      | Reached skill level 1 in Armour
  7294 | D:8      | Reached skill level 2 in Armour
  7305 | D:8      | Reached skill level 3 in Fighting
  7396 | D:8      | Found a staircase to the Lair.
  7431 | D:8      | Reached skill level 12 in Maces & Flails
  7431 | D:8      | Reached skill level 3 in Armour
  7433 | D:8      | Reached skill level 4 in Fighting
  7485 | D:8      | Noticed Prince Ribbit
  7490 | D:8      | Killed Prince Ribbit
  7814 | D:8      | Reached skill level 4 in Armour
  8103 | D:8      | Reached skill level 5 in Fighting
  8239 | D:8      | Reached XP level 10. HP: 48/59 MP: 10/10
  8261 | D:8      | Gained mutation: You are frail (-10% HP). [Ru sacrifice]
  8261 | D:8      | Acquired Ru's third power
  8320 | Lair:1   | Entered Level 1 of the Lair of Beasts
  8331 | Lair:1   | Reached skill level 1 in Evocations
  8350 | Lair:1   | Noticed a black mamba
  8354 | Lair:1   | Killed a black mamba
  8354 | Lair:1   | Reached skill level 2 in Evocations
  8385 | Lair:1   | Reached skill level 6 in Fighting
  8543 | Lair:1   | Reached skill level 3 in Evocations
  9070 | Lair:1   | Reached skill level 7 in Fighting
  9363 | Lair:2   | Found an ancient bone altar of Kikubaaqudgha.
  9363 | Lair:2   | Noticed a black mamba
  9406 | Lair:2   | Reached skill level 4 in Evocations
  9449 | Lair:2   | Killed a black mamba
  9556 | Lair:2   | Reached skill level 8 in Fighting
  9556 | Lair:2   | Reached skill level 5 in Evocations
  9709 | Lair:2   | Reached XP level 11. HP: 47/62 MP: 15/15
  9771 | Lair:2   | Reached skill level 6 in Evocations
  9799 | Lair:2   | Reached skill level 9 in Fighting
  9808 | Lair:2   | Gained mutation: You are somewhat inexperienced (-2 XL). [Ru sacrifice]
  9808 | Lair:2   | Reached XP level 10. HP: 59/59 MP: 14/14
  9808 | Lair:2   | Reached XP level 9. HP: 54/54 MP: 13/13
  9808 | Lair:2   | Acquired Ru's fourth power
 10025 | Lair:2   | Noticed a komodo dragon
 10035 | Lair:2   | Killed a komodo dragon
 10194 | Lair:2   | Reached XP level 10. HP: 17/60 MP: 15/15
 10386 | Lair:2   | Reached skill level 7 in Evocations
 10403 | Lair:2   | Noticed a black mamba
 10409 | Lair:2   | Killed a black mamba
 10411 | Lair:2   | Noticed an elephant
 10419 | Lair:2   | Killed an elephant
 10419 | Lair:2   | Reached skill level 10 in Fighting
 10419 | Lair:2   | Reached skill level 5 in Armour
 10821 | Lair:3   | Noticed a black mamba
 10826 | Lair:3   | Killed a black mamba
 11125 | Lair:3   | Reached skill level 6 in Armour
 11193 | Lair:3   | Reached XP level 11. HP: 61/65 MP: 16/16
 11295 | Lair:3   | Gained mutation: You take slightly more damage. (-3 AC) [Ru sacrifice]
 11295 | Lair:3   | Acquired Ru's fifth power
 11400 | Lair:3   | Noticed a black mamba
 11404 | Lair:3   | Killed a black mamba
 11420 | Lair:3   | Identified a scroll of acquirement
 11461 | Lair:3   | Reached skill level 11 in Fighting
 11461 | Lair:3   | Reached skill level 13 in Maces & Flails
 11709 | Lair:4   | Reached skill level 7 in Armour
 11742 | Lair:4   | Noticed Josephine
 11751 | Lair:4   | Noticed Sonja
 11757 | Lair:4   | Killed Josephine
 11782 | Lair:4   | Killed Sonja
 12197 | Lair:4   | Reached skill level 8 in Armour
 12306 | Lair:4   | Noticed a necromancer
 12307 | Lair:4   | Reached skill level 13 in Fighting
 12307 | Lair:4   | Reached XP level 12. HP: 71/75 MP: 17/17
 12313 | Lair:4   | Killed a necromancer
 12313 | Lair:4   | Reached skill level 14 in Fighting
 12364 | Lair:4   | Got a polished war axe
 12364 | Lair:4   | Got a transparent plate armour
 12536 | Lair:5   | Found a staircase to the Swamp.
 12575 | Lair:5   | Reached XP level 13. HP: 81/81 MP: 18/18
 12680 | Lair:5   | Noticed a four-headed hydra
 12691 | Lair:5   | Killed a four-headed hydra
 12805 | Lair:5   | Gained mutation: You have somewhat slow reflexes. (-3 EV) [Ru sacrifice]
 12840 | Lair:5   | Found a hole to the Spider Nest.
 13262 | Lair:5   | Reached skill level 9 in Armour
 13643 | Lair:6   | Reached skill level 14 in Maces & Flails
 13738 | Lair:6   | Reached skill level 15 in Fighting
 13753 | Lair:6   | Reached skill level 10 in Armour
 14134 | Lair:6   | Identified the +4 plate armour "Piepnir" {Str+2 Slay+5 Stlth+} (You found it on level 4 of the Lair of Beasts)
 14135 | Lair:6   | Identified the +7 war axe of War {vamp, *Drain rElec Int+2} (You found it on level 4 of the Lair of Beasts)
 14336 | Lair:6   | Got a transparent hand axe
 14401 | Lair:6   | Noticed Rupert
 14409 | Lair:6   | Killed Rupert
 14583 | Lair:6   | Gained mutation: Your large and strong wings let you fly indefinitely. [Gargoyle growth]
 14583 | Lair:6   | Reached XP level 14. HP: 88/88 MP: 19/19
 15579 | Lair:7   | Reached skill level 11 in Armour
 15919 | Lair:7   | Reached skill level 15 in Maces & Flails
 15979 | Lair:8   | Entered Level 8 of the Lair of Beasts
 16054 | Lair:8   | Got a smoking chain mail
 16055 | Lair:8   | Identified the cursed +1 chain mail "Tojuudeg" {+Fly rF+ Str-2} (You found it on level 8 of the Lair of Beasts)
 16143 | Lair:8   | Reached skill level 16 in Fighting
 16320 | Lair:8   | Found a staircase to the Slime Pits.
 16321 | Lair:8   | Found a viscous altar of Jiyva.
 16687 | Lair:8   | Reached skill level 12 in Armour
 17473 | D:9      | Found an iron altar of Okawaru.
 17527 | D:9      | Reached XP level 15. HP: 92/94 MP: 20/20
 17549 | D:9      | Found a white marble altar of Elyvilon.
 17813 | D:9      | Found a roughly hewn altar of Beogh.
 17813 | D:9      | Found a staircase to the Orcish Mines.
 17878 | D:9      | Got a diamond-encrusted ring mail
 17992 | D:9      | Identified the +2 ring mail of the Pink Corner {+Inv Int-5 Dex+3 SInv} (You found it on level 9 of the Dungeon)
 18054 | Orc:1    | Entered Level 1 of the Orcish Mines
 19540 | Orc:3    | Found Gucu's Jewellery Boutique.
 19599 | Orc:3    | You are sucked into a shaft!
 19599 | Orc:4    | Entered Level 4 of the Orcish Mines
 19664 | Orc:4    | Found a staircase to the Elven Halls.
 19821 | Orc:3    | Found a roughly hewn altar of Beogh.
 20054 | Orc:3    | Noticed Snorg
 20065 | Orc:3    | Killed Snorg
 20811 | Orc:4    | Found Teent's Magic Scroll Shoppe.
 20811 | Orc:4    | Found Catwo's Gadget Boutique.
 20915 | Orc:4    | Found Arhio's Magic Scroll Shoppe.
 20915 | Orc:4    | Found Mafytaor's Food Boutique.
 20933 | Orc:4    | Bought a scroll of enchant armour for 120 gold pieces
 20933 | Orc:4    | Bought a scroll of recharging for 152 gold pieces
 20933 | Orc:4    | Bought a scroll of identify for 32 gold pieces
 20933 | Orc:4    | Bought a scroll of fear for 56 gold pieces
 20933 | Orc:4    | Bought a scroll of silence for 120 gold pieces
 20933 | Orc:4    | Bought a scroll of identify for 32 gold pieces
 20935 | Orc:4    | Bought a scroll of enchant weapon for 135 gold pieces
 20935 | Orc:4    | Bought a scroll of enchant armour for 135 gold pieces
 20935 | Orc:4    | Bought a scroll of recharging for 171 gold pieces
 20935 | Orc:4    | Bought a scroll of teleportation for 54 gold pieces
 20935 | Orc:4    | Bought a scroll of acquirement for 936 gold pieces
 20935 | Orc:4    | Bought a scroll of enchant armour for 135 gold pieces
 20935 | Orc:4    | Bought a scroll of enchant armour for 135 gold pieces
 20935 | Orc:4    | Bought a scroll of brand weapon for 360 gold pieces
 21232 | D:10     | Entered Level 10 of the Dungeon
 21262 | D:10     | Found a shimmering altar of Xom.
 22327 | D:11     | Noticed Nergalle
 22330 | D:11     | Reached skill level 16 in Maces & Flails
 22334 | D:11     | Killed Nergalle
 22356 | D:11     | Reached skill level 17 in Fighting
 22463 | D:11     | Reached skill level 13 in Armour
 22543 | D:11     | Reached skill level 3 in Dodging
 22740 | D:11     | Found a labyrinth entrance.
 22745 | Lab      | Entered a labyrinth
 23290 | D:11     | Noticed Grum
 23306 | D:11     | Killed Grum
 24474 | D:13     | Reached skill level 4 in Dodging
 25309 | D:14     | Found a gate to the Vaults.
 25350 | D:14     | Reached XP level 16. HP: 100/100 MP: 21/21
 25764 | D:15     | Entered Level 15 of the Dungeon
 25834 | D:15     | Reached skill level 5 in Dodging
 25972 | D:15     | Found Lieduleu's General Store.
 26004 | D:15     | Bought the ring of the Present {MR+ Int-2 Dex+6 Stlth-} for 370 gold pieces
 26088 | D:15     | Found Seuh's Book Shoppe.
 26127 | D:15     | Found Tebic's Armour Emporium.
 26231 | D:15     | Reached skill level 14 in Armour
 26237 | D:15     | Found a staircase to the Depths.
 26580 | D:15     | Found a stormy altar of Qazlal.
 26696 | D:15     | Upgraded the game from 0.17-a0-1393-gcb420ff to 0.17-a0-1397-g0eee0a3
 27141 | Spider:1 | Entered Level 1 of the Spider Nest
 27141 | Spider:1 | Noticed Azrael
 27152 | Spider:1 | Killed Azrael
 27568 | Spider:1 | Got a polished cloak
 27586 | Spider:1 | Identified the +0 cloak of Zatuago {rC+ Int+6} (You acquired it on level 1 of the Spider Nest)
 27628 | Spider:1 | Noticed Duffy's ghost (mighty TrBe)
 27654 | Spider:1 | Killed Duffy's ghost
 27654 | Spider:1 | Reached skill level 6 in Dodging
 27920 | Spider:1 | Reached skill level 18 in Fighting
 28739 | Spider:2 | Reached skill level 7 in Dodging
 28966 | Swamp:1  | Entered Level 1 of the Swamp
 29437 | Swamp:1  | Reached skill level 15 in Armour
 29437 | Swamp:1  | Reached XP level 17. HP: 108/108 MP: 22/22
 29924 | Swamp:2  | Reached skill level 8 in Dodging
 30614 | Swamp:3  | Reached skill level 9 in Dodging
 30774 | Swamp:3  | Found a frozen archway.
 30808 | IceCv    | Entered an ice cave
 31743 | IceCv    | Noticed an Ice Fiend
 31751 | IceCv    | Reached skill level 10 in Dodging
 31752 | IceCv    | Killed an Ice Fiend
 31856 | IceCv    | Identified a +2 pair of boots of running (You found it in an ice cave)
 31875 | IceCv    | Got an ancient granite ring
 31877 | IceCv    | Identified the ring "Qaob" {rN+ MR- Dex+3} (You found it in an ice cave)
 31899 | IceCv    | Learned a level 5 spell: Aura of Abjuration
 32977 | Swamp:3  | Noticed Donald
 32990 | Swamp:3  | Killed Donald
 32990 | Swamp:3  | Reached skill level 11 in Dodging
 33228 | Swamp:4  | Entered Level 4 of the Swamp
 33463 | Swamp:4  | Noticed Yermak's ghost (mighty FoEn)
 33475 | Swamp:4  | Killed Yermak's ghost
 33482 | Swamp:4  | Reached skill level 12 in Dodging
 33486 | Swamp:4  | Reached XP level 18. HP: 71/113 MP: 17/23
 33579 | Swamp:4  | Got a decaying rune of Zot
 33594 | Swamp:4  | Noticed HEYYEYAAE's ghost (powerful HuAE)
 33612 | Swamp:4  | Killed HEYYEYAAE's ghost
 33905 | Swamp:4  | Learned a level 3 spell: Regeneration
 33982 | Swamp:4  | Got a shimmering war axe
 33983 | Swamp:4  | Identified the +4 war axe of Rolajoh {speed, +Blink rPois Str-2} (You found it on level 4 of the Swamp)
 34469 | Lair:2   | Noticed a komodo dragon
 34481 | Lair:2   | Killed a komodo dragon
 34667 | Elf:1    | Entered Level 1 of the Elven Halls
 34691 | Elf:1    | Found Ebiy's General Store.
 34720 | Elf:1    | Reached skill level 1 in Shields
 34726 | Elf:1    | Reached skill level 2 in Shields
 34743 | Elf:1    | Reached skill level 3 in Shields
 34800 | Elf:1    | Found Ciafecik's Assorted Antiques.
 34809 | Elf:1    | Bought a scroll labeled BIFAMOE WAUCOEH for 38 gold pieces
 34809 | Elf:1    | Bought a scroll of enchant armour for 285 gold pieces
 35183 | Elf:1    | Reached skill level 4 in Shields
 35328 | Elf:1    | Reached skill level 5 in Shields
 35862 | Elf:2    | Found a runed gate.
 35862 | Elf:2    | Found a runed gate.
 35862 | Elf:2    | Found a runed gate.
 35896 | Elf:2    | Reached skill level 6 in Shields
 35990 | Elf:2    | kroki: hi
 36040 | Elf:2    | Chiseanne: hi
 36046 | Elf:2    | Reached skill level 7 in Shields
 36112 | Elf:2    | kroki: how are you
 36353 | Elf:2    | Chiseanne: Im fine thx and how are you ?
 36410 | Elf:2    | Chiseanne: doing good as I can see :)
 36415 | Elf:2    | Reached skill level 13 in Dodging
 36420 | Elf:2    | kroki: i just need to win Ru
 36420 | Elf:2    | kroki: dont really like the god
 36534 | Elf:2    | Chiseanne: me neither
 36538 | Elf:2    | kroki: abilities seem mashed together randomly without a theme
 36538 | Elf:2    | kroki: i like the passive aura and apocalypse and thats it
 36566 | Elf:2    | Cast into the Abyss (quick blade of distortion)
 36569 | Abyss:1  | kroki: great
 36836 | Abyss:1  | Chiseanne: dont panic you can do it
 36848 | Abyss:1  | kroki: after winning every background and every race trust me i am not panicking
 36848 | Abyss:1  | kroki: i just dont like abyss because its a bore
 36872 | Abyss:2  | Chiseanne: yeah same
 37069 | Abyss:2  | Gained mutation: Your magical capacity is low (-10% MP). [a neqoxec]
 37093 | Abyss:2  | Noticed a tentacled monstrosity
 37111 | Abyss:2  | Killed a tentacled monstrosity
 37350 | Abyss:2  | Reached skill level 19 in Fighting
 37350 | Abyss:2  | Reached XP level 19. HP: 115/118 MP: 21/21
 37625 | Abyss:3  | kroki: hmm
 37625 | Abyss:3  | kroki: to leave or get the rune
 37631 | Elf:2    | Escaped the Abyss
 37661 | Elf:2    | Chiseanne: :D
 37824 | Elf:3    | Entered Level 3 of the Elven Halls
 38123 | Elf:3    | Reached skill level 16 in Armour
 38534 | Elf:3    | Reached skill level 14 in Dodging
 38660 | Elf:3    | Gained mutation: Scrolls take you a little longer to read. [a cacodemon]
 38675 | Elf:3    | Lost mutation: Scrolls take you a little longer to read. [potion of cure mutation]
 38675 | Elf:3    | Lost mutation: Your magical capacity is low (-10% MP). [potion of cure mutation]
 38751 | Elf:3    | Learned a level 1 spell: Apportation
 38770 | Elf:3    | Learned a level 5 spell: Silence
 38845 | Elf:3    | Got an ivory quarterstaff
 38850 | Elf:3    | Got a twisted mace
 38851 | Elf:3    | Identified the +3 mace of Nysud {pain, Str+4} (You found it on level 3 of the Elven Halls)
 38902 | Elf:3    | Got an ancient cloak
 38984 | Elf:3    | Identified the +1 cloak "Jacupek" {*Drain rElec rN+ Int+5} (You found it on level 3 of the Elven Halls)
 39522 | Spider:2 | kroki: so whats ur fav god
 40081 | Spider:3 | Noticed Asterion
 40232 | Spider:3 | Noticed Arachne
 40247 | Spider:3 | Killed Arachne
 40247 | Spider:3 | Reached XP level 20. HP: 123/126 MP: 25/25
 40277 | Spider:3 | Killed Asterion
 40606 | Spider:4 | Entered Level 4 of the Spider Nest
 40718 | Spider:4 | Reached skill level 15 in Dodging
 41286 | Spider:4 | Got a gossamer rune of Zot
 41914 | Vaults:1 | Entered Level 1 of the Vaults
 41935 | Vaults:1 | Reached skill level 16 in Dodging
 41955 | Vaults:1 | kroki: this vamp ax too good
 41955 | Vaults:1 | kroki: i might even go 16 ax for it
 42034 | Vaults:1 | Reached skill level 1 in Axes
 42113 | Vaults:1 | Reached skill level 2 in Axes
 42237 | Vaults:1 | Reached skill level 3 in Axes
 42299 | Vaults:1 | Reached skill level 4 in Axes
 42394 | Vaults:1 | Found Munodiec's Antique Weapon Shoppe.
 42415 | Vaults:1 | Bought a shimmering war axe for 289 gold pieces
 42417 | Vaults:1 | Identified the cursed +1 war axe of Conflict {chop, MP+9 Int+6 Stlth-} (You bought it in a shop on level 1 of the Vaults)
 42478 | Vaults:1 | Reached skill level 5 in Axes
 42723 | Vaults:1 | Reached skill level 6 in Axes
 43308 | Vaults:2 | Reached skill level 7 in Axes
 43339 | Vaults:2 | Chiseanne: was afk..I like mahkleb with axe ..for a reason
 43341 | Vaults:2 | Reached XP level 21. HP: 130/130 MP: 26/26
 43361 | Vaults:2 | Chiseanne: or vehumet with casters
 43410 | Vaults:2 | kroki: shit just got real
 43410 | Vaults:2 | Chiseanne: and over all I love Gozag :D
 43416 | Vaults:2 | kroki: really? i think its the worst god
 43416 | Vaults:2 | Chiseanne: for having all that money and opening shopping malls in my stash
 43458 | Vaults:2 | Chiseanne: nah not at all
 43505 | Vaults:2 | Found a staircase to the Crypt.
 43523 | Vaults:2 | Chiseanne: he doesnt make you all mighty and such but..what I said above
 43546 | Vaults:2 | Chiseanne: potion effects are not that bad if a bit steep
 43546 | Vaults:2 | kroki: yeah hes cool if you get hard on for gear
 43546 | Vaults:2 | Chiseanne: yes
 43546 | Vaults:2 | kroki: +8 vamp eveningstar +12 slaying
 43546 | Vaults:2 | kroki: not to shabby
 43583 | Vaults:2 | Found a deep blue altar of Sif Muna.
 43639 | Vaults:2 | Chiseanne: I usually switch later on to whatever god may come in handy
 43660 | Vaults:2 | Chiseanne: aye great
 43679 | Vaults:2 | Chiseanne: Id prefer the axe tho
 43679 | Vaults:2 | kroki: i like passive gods more than active ones
 43679 | Vaults:2 | kroki: axe has 10 base dmg, stars 16
 44000 | Vaults:2 | Chiseanne: more area damage = faster killing=more points in the end and
 44000 | Vaults:2 | Chiseanne: yes its better for single targets
 44000 | Vaults:2 | kroki: cleave is only 70% damage and usually you should only fight one enemy at time
 44000 | Vaults:2 | Chiseanne: hard to swtich tho now wtih all that vampirism
 44000 | Vaults:2 | kroki: still i am a big axe fan i usually go axes
 44050 | Vaults:2 | Chiseanne: likewise
 44281 | Vaults:3 | Found Zoter's Assorted Antiques.
 44390 | Vaults:3 | Found Ylutuc's Antique Weapon Shop.
 44398 | Vaults:3 | kroki: cool scimmy
 44398 | Vaults:3 | kroki: i like it
 44398 | Vaults:3 | Chiseanne: my favorite is DSWZ mit vehumet and firestorm ;-)
 44554 | Vaults:3 | Chiseanne: whats a scimmy?
 44623 | Vaults:3 | Chiseanne: english is not my mothertongue
 44643 | Vaults:3 | Reached skill level 17 in Dodging
 44675 | Vaults:3 | kroki: scimitar
 44762 | Vaults:3 | Chiseanne: ah lol sure
 44789 | Vaults:3 | Chiseanne: and Im also not good at abbreviations :D
 44892 | Vaults:3 | Found Ficad's Antique Weapon Shop.
 44904 | Vaults:3 | kroki: i think it became a word in runescape
 45159 | Vaults:3 | kroki: vaults are 4 floors
 45159 | Vaults:3 | kroki: or 5 ?
 45225 | Vaults:3 | Found Lenga's Antique Weapon Shoppe.
 45237 | Vaults:3 | Noticed Frederick
 45256 | Vaults:3 | Killed Frederick
 45271 | Vaults:3 | Noticed Jory
 45295 | Vaults:3 | Killed Jory
 45413 | Vaults:3 | kroki: risky
 46116 | Vaults:4 | Got a crude ice dragon armour
 46320 | Vaults:4 | Found Xuumaely's Antique Weapon Shop.
 46780 | Vaults:4 | Reached skill level 20 in Fighting
 46785 | Vaults:4 | Chiseanne: never
 46809 | Vaults:4 | Reached skill level 17 in Armour
 47114 | Vaults:4 | kroki: so where r u form
 47204 | Vaults:4 | Chiseanne: errm sry 5
 47212 | Vaults:4 | Chiseanne: not 4
 47214 | Vaults:4 | Chiseanne: germany
 47216 | Vaults:4 | Identified the +0 ice dragon armour of the Eight Boll Weevils {rF- rC++ rN++} (You found it on level 4 of the Vaults)
 47219 | Vaults:4 | kroki: cool
 47219 | Vaults:4 | Chiseanne: u?
 47219 | Vaults:4 | kroki: poland
 47384 | D:13     | Chiseanne: :)
 47892 | Slime:1  | Entered Level 1 of the Pits of Slime
 47899 | Slime:1  | Chiseanne: a lot of russians and eastern european people are on here
 47904 | Slime:1  | kroki: i know
 47917 | Slime:1  | Reached skill level 18 in Dodging
 47926 | Slime:1  | Reached XP level 22. HP: 136/136 MP: 25/27
 47957 | Slime:2  | Chiseanne: uh
 47957 | Slime:2  | kroki: games popular with these people
 47962 | Slime:2  | Chiseanne: clarity
 48172 | Slime:2  | kroki: nah
 48172 | Slime:2  | kroki: i switcher +3 slay to mr
 48172 | Slime:2  | kroki: and corr amu
 48172 | Slime:2  | kroki: mr+++ eyes cant touch u
 48233 | Slime:3  | Noticed Dissolution
 48234 | Slime:3  | Chiseanne: ok thats good too
 48234 | Slime:3  | kroki: uh
 48246 | Slime:3  | Killed Dissolution
 48518 | Slime:6  | Entered Level 6 of the Pits of Slime
 48540 | Slime:6  | Noticed the royal jelly
 48541 | Slime:6  | Chiseanne: :D
 48541 | Slime:6  | kroki: fuck...
 48546 | Slime:6  | Found a viscous altar of Jiyva.
 48552 | Slime:6  | Chiseanne: youre done
 48561 | Slime:6  | HP: 1/136 [the royal jelly (22)]
 48561 | Slime:6  | Splashed by the royal jelly's acid

Vault maps used:
D:1:      minmay_arrival_stair_chambers, kennysheep_flooded_box, minmay_bisected
D:2:      nicolae_overflow_hidden_temple, serial_corexii_hall,
          corexii_hall_statues_l, corexii_hall_statues_t,
          uniq_crazy_yiuf_cottage
D:3:      lemuel_round_altar, zin_treasury, portal_sewer_entry_d,
          minmay_misc_feat_alley
D:4:      lemuel_zombie_altar_kikubaaqudgha, corexii_item_surrounded_by_moat,
          kennysheep_small_spiral
D:5:      first_bread, minmay_misc_feat_five
D:6:      minmay_temple_entry_trees
D:7:      serial_shops, shop, minmay_misc_feat_doors, uniq_menkaure
D:8:      lair_0_dummy, serial_undead, serial_undead_e, serial_undead_b,
          serial_undead_c, serial_undead_f, uniq_prince_ribbit1
D:9:      overflow_temple_1_default, david_orc_5, basic_altar
D:10:     basic_altar
D:11:     lemuel_reptile_caves, lab_entry_generic, grunt_tengu_nest, uniq_grum,
          uniq_nergalle
D:14:     david_vaults_2, kennysheep_donut, minivault_26
D:15:     grunt_enter_depths_hoard, basic_altar, serial_shops,
          nicolae_shop_statue_plus, shop, shop, hangedman_decor_growths,
          serial_column_ruins, column_ruins_columns_straight,
          column_ruins_columns_corner, column_ruins_corridor_straight,
          column_ruins_grid_3
Lair:2:   wad_woods_stonehenge, minivault_19
Lair:3:   roderic_batcave
Lair:4:   pond_and_an_island_with_a_cottage, uniq_josephine, uniq_sonja
Lair:5:   swamp_mist, spider_nest_entry_webs
Lair:6:   statuecave_lemuel, grunt_megastairs_2, uniq_rupert
Lair:7:   beast_lair_carwin_large_2
Lair:8:   grunt_lair_end_beastmaster, slime_altar_1, minmay_lair_oklob_bushes,
          bh_autumn_forest_stairs
Swamp:1:  evilmike_swamp_ruin_house_2, swamp_pool4
Swamp:2:  evilmike_swamp_ruin_rubble_2, swamp_pool5
Swamp:3:  portal_ice_cave_entry_frozen_things, hangedman_swamp_lotus,
          swamp_pool5, hangedman_swamp_wriggling, uniq_donald
Swamp:4:  swamp_alternative
Spider:1: uniq_azrael
Spider:3: uniq_arachne, uniq_asterion
Spider:4: grunt_spider_rune_circles
Slime:3:  dissolution_awaits
Orc:1:    nicolae_orc_accident_1
Orc:2:    nicolae_orc_lava_room
Orc:3:    serial_shops, shop, nicolae_orc_pool_cavern, minmay_orc_temple_b,
          uniq_snorg
Orc:4:    grunt_orc_tribal_feast
Elf:1:    serial_shops, shop, shop, hangedman_elf_disciples
Elf:3:    minmay_elf_hall, st_stairs_5
Vaults:1: vaults_room_grunt_arrival_ludios, nicolae_vaults_ring_of_whatevers,
          dpeg_vaults_monster_box, st_more_cells,
          nicolae_vaults_little_squares_3, vaults_room_mumra_shop_pool
Vaults:2: nicolae_vaults_angled_halls, minmay_crypt_entry_simple_sparse,
          ontoclasm_vaults_misaligned, hangedman_vaults_stitches, v_rooms_2,
          grunt_vaults_bifocal, ontoclasm_vaults_decontamination,
          nicolae_vaults_ninety_degrees, nicolae_vaults_little_squares_3,
          ontoclasm_vaults_idyll, ontoclasm_vaults_gateway, serial_glass,
          basic_altar
Vaults:3: nicolae_vaults_twisting_passages, ontoclasm_vaults_gallery,
          vaults_room_door_hall, dpeg_vaults_monster_row, v_pattern_3,
          nicolae_vaults_little_ls, ontoclasm_vaults_ring_small,
          nicolae_vaults_big_angled_halls, nicolae_vaults_little_squares_1,
          nicolae_vaults_little_squares_3, serial_shops, shop,
          nicolae_shop_statue_plus, nicolae_shop_behind_doors, shop, uniq_jory,
          uniq_frederick
Vaults:4: hangedman_vaults_snaps, hangedman_vaults_nodes, v_misc_31,
          hangedman_vaults_locks, serial_ice_g, grunt_vaults_funnel,
          vaults_room_door_ring, vaults_dpeg_encased_lava, serial_shops, shop
Abyss:2:  lemuel_firewalk_3
Abyss:3:  hangedman_abyss_shoalhut, nicolae_abyss_rune_containment_breach
Lab:      labyrinth_hidden_loot
Sewer:    sewer_co_scattered_pipes
IceCv:    ice_cave_caverns_02

Action                   |  1- 3 |  4- 6 |  7- 9 | 10-12 | 13-15 | 16-18 | 19-21 | 22-24 || total
-------------------------+-------+-------+-------+-------+-------+-------+-------+-------++-------
Melee: Flail             |   120 |   260 |    12 |       |       |       |       |       ||   392
       Great mace        |       |       |   433 |   372 |       |       |       |       ||   805
       Unarmed           |       |       |     5 |       |       |       |       |       ||     5
       Eveningstar       |       |       |       |   154 |  1329 |       |   640 |   240 ||  2363
       War axe           |       |       |       |       |   126 |  1470 |  1008 |       ||  2604
Throw: Throwing net      |     3 |     7 |     2 |       |       |     1 |       |       ||    13
Invok: Sacrifice Words   |       |     1 |       |       |       |       |       |       ||     1
       Sacrifice Love    |       |       |     1 |       |       |       |       |       ||     1
       Power Leap        |       |       |     2 |     2 |    13 |     6 |    16 |       ||    39
       Draw Out Power    |       |       |     1 |    11 |    16 |     5 |     1 |     2 ||    36
       Sacrifice Experie |       |       |     1 |       |       |       |       |       ||     1
       Sacrifice Health  |       |       |       |     2 |     1 |       |       |       ||     3
       Apocalypse        |       |       |       |       |     1 |     2 |     3 |       ||     6
 Abil: Fly               |       |       |       |       |     1 |     3 |       |       ||     4
Evoke: Wand              |       |       |     8 |     6 |     9 |     3 |     2 |     4 ||    32
       Stone of tremors  |       |       |       |       |     2 |       |       |       ||     2
       Deck              |       |       |       |       |       |     3 |     1 |       ||     4
  Use: Scroll            |     7 |     7 |    10 |     5 |    16 |    17 |    16 |       ||    78
       Potion            |       |     1 |     3 |     2 |    11 |    10 |     5 |     6 ||    38
 Stab: Sleeping          |     1 |       |       |       |       |       |       |       ||     1
       Paralysed         |       |       |    15 |     7 |     9 |    13 |     2 |       ||    46
       Invisible         |       |       |     2 |     2 |    16 |    31 |    23 |     1 ||    75
       Distracted        |       |       |     1 |       |     3 |     7 |     4 |     1 ||    16
       Held in net/web   |       |       |       |       |     1 |       |       |       ||     1
       Confused          |       |       |       |       |     4 |       |       |     1 ||     5
  Eat: Chunk             |     1 |     6 |     8 |    13 |    20 |     5 |     4 |       ||    57
       Royal jelly       |       |     1 |       |       |       |       |     2 |       ||     3
       Fruit             |       |     1 |       |       |       |       |       |       ||     1
       Bread ration      |       |     1 |     1 |       |     5 |     9 |     7 |       ||    23
       Meat ration       |       |       |       |       |     1 |       |       |       ||     1
       Beef jerky        |       |       |       |       |       |     4 |     2 |       ||     6
